 Dungeon Crawl Stone Soup version 0.26.1-15-g04117e645d (webtiles) character file.

Game seed: 12281297704789390712

54159 tkbsonic5 the Covert (level 14, 0/162 HPs)
             Began as a Vampire Gladiator on Dec 29, 2022.
             Was a Follower of Yredelemnul.
             Slain by a two-headed ogre
             ... wielding a +0 giant spiked club
              (6 damage)
             ... on level 14 of the Dungeon on Jan 2, 2023.
             The game lasted 02:51:23 (24102 turns).

tkbsonic5 the Covert (Vampire Gladiator)           Turns: 24102, Time: 02:51:24

Health: 0/162      AC: 27    Str: 16    XL:     14   Next: 33%
Magic:  19/19      EV:  2    Int: 17    God:    Yredelemnul [*.....]
Gold:   962        SH:  0    Dex: 17    Spells: 3/15 levels left

rFire    . . .     SeeInvis +   u - +5 broad axe
rCold    . . .     Faith    .   d - +2 buckler {rPois}
rNeg     + + +     Spirit   .   (armour currently unavailable)
rPois    +         Reflect  .   (helmet currently unavailable)
rElec    .         Harm     .   (cloak currently unavailable)
rCorr    .         Rampage  .   (gloves currently unavailable)
Will     ++...     NoTele   +   (boots currently unavailable)
Stlth    ++........             V - amulet of magic regeneration
HPRegen  0.57/turn              o - ring of wizardry
MPRegen  0.41/turn              M - +6 ring of intelligence

@: confused, mighty, tree-form, engulfed, regenerating quickly, very slow
A: see invisible, strong-willed 1
a: Exsanguinate, Renounce Religion, Animate Remains


You were on level 14 of the Dungeon.
You worshipped Yredelemnul.
Yredelemnul was aware of your devotion.
You were a tree.
You visited 2 branches of the dungeon, and saw 19 of its levels.

You collected 1281 gold pieces.
You spent 319 gold pieces at shops.

Inventory:

Hand Weapons
 s - a +1 whip of electrocution
 u - a +5 broad axe (weapon)
 L - a +3 short sword of venom
 Q - a +1 shortbow of flaming
 U - a +2 short sword of draining
Missiles
 g - 114 bolts
 h - 99 poisoned darts
 B - 135 sling bullets
 C - 4 atropa-tipped darts
 F - 11 javelins
 O - a curare-tipped dart
 S - 272 arrows
Armour
 d - a +2 buckler of poison resistance (worn)
 e - a +2 robe of willpower
 y - a +0 plate armour
 D - a +4 ring mail of positive energy (melded)
 G - a +2 pair of gloves (melded)
 I - a +0 kite shield
 K - a +2 hat (melded)
 T - a +0 pair of boots (melded)
Magical Staves
 b - an uncursed staff of earth
Jewellery
 a - an uncursed ring of protection from fire
 c - a +6 ring of strength
 j - a +4 ring of protection
 n - a +4 ring of evasion
 o - a ring of wizardry (left branch)
 v - an uncursed ring of flight
 H - an uncursed ring of wizardry
 M - a +6 ring of intelligence (right branch)
 V - an amulet of magic regeneration (around neck)
 Z - an uncursed ring of see invisible
Wands
 f - a wand of digging (1)
 z - a wand of random effects (8) (quivered)
 J - a wand of flame (35)
 N - a wand of polymorph (5)
 W - a wand of iceblast (2)
Scrolls
 q - 8 scrolls of remove curse
 t - 2 scrolls of teleportation
 A - 2 scrolls of identify
Potions
 m - a potion of ambrosia
 p - 2 potions of brilliance
 w - a potion of cancellation
Miscellaneous
 k - a condenser vane (inert)
 x - a box of beasts (inert)
 P - a phial of floods (inert)


   Skills:
 + Level 9.2 Fighting
 - Level 10.3(10.9) Short Blades
 - Level 5.0(7.9) Long Blades
 * Level 1.9 Axes
 - Level 0.1(3.9) Slings
 - Level 3.7 Bows
 * Level 6.4 Throwing
 - Level 4.8 Armour
 * Level 10.9 Dodging
 + Level 12.2 Stealth
 - Level 4.9 Shields
 + Level 1.3 Spellcasting
 * Level 1.0 Conjurations
 * Level 3.0 Hexes
 + Level 0.9 Summonings
 + Level 0.6 Translocations
 + Level 1.1 Transmutations
 * Level 1.6 Air Magic
 * Level 1.2 Poison Magic
 + Level 7.8 Invocations
 + Level 7.1 Evocations


You had 3 spell levels left.
You knew the following spells:

 Your Spells              Type           Power        Failure   Level
a - Wereblood             Tmut           5%           8%          2
b - Blink                 Tloc           N/A          10%         2
c - Mephitic Cloud        Conj/Pois/Air  5%           16%         3
d - Call Imp              Summ           4%           9%          2
e - Beastly Appendage     Tmut           10%          5%          1
f - Slow                  Hex            11%          3%          2

Your spell library contained the following spells:

 Spells                   Type           Power        Failure   Level
 Magic Dart               Conj           16%          6%          1
 Spider Form              Tmut/Pois      2%           16%         3
 Conjure Flame            Conj/Fire      2%           21%         3
 Ice Form                 Ice/Tmut       3%           52%         4
 Metabolic Englaciation   Hex/Ice        3%           73%         5
 Blade Hands              Tmut           2%           77%         5
 Iskenderun's Battlesphe  Conj           4%           80%         5
 Bolt of Magma            Conj/Fire/Erth 1%           86%         5
 Freezing Cloud           Conj/Ice/Air   2%           100%        6
 Iron Shot                Conj/Erth      1%           100%        6
 Ozocubu's Refrigeration  Ice            0%           100%        6
 Simulacrum               Ice/Necr       0%           100%        6
 Orb of Destruction       Conj           2%           100%        7
 Spellforged Servitor     Conj/Summ      2%           100%        7


Dungeon Overview and Level Annotations

Branches:
Dungeon (14/15)            Temple (0/1) D:4            Lair (6/6) D:9
 Shoals (0/4) Lair:2        Snake (0/4) Lair:4        Slime (0/5) Lair:5
    Orc (0/2) D:10
 Vaults: D:13-14

Altars:
Ashenzari
Elyvilon
Fedhas
Hepliaklqana
Qazlal
Ru
Trog
Yredelemnul
Jiyva
Lugonu

Shops:
D:8 !

Portals:
Abyss: Lair:6

Annotations:
D:14 Roxanne
Lair:3 exclusion: oklob plant
Lair:4 exclusion: oklob plant


Innate Abilities, Weirdness & Mutations

Your natural rate of healing is unusually fast.
((You have razor-sharp teeth.))
You have supernaturally acute eyesight. (SInv)
((You can survive without breathing.))
((Armour fits poorly on your strangely shaped body.))
You are strong-willed. (Will+)
((Your movements are slightly less encumbered by armour. (ER -2)))


Message History

You are more confused.
You feel more invigorated.
The centaur warrior hits you but does no damage.
The water elemental hits you. x2
A water elemental comes into view.
The water elemental hits you. The shadow hits you.
* * * LOW HITPOINT WARNING * * *
You slash the centaur warrior!
The centaur warrior is moderately wounded.
You slash the water elemental! You barely miss the shadow.
You slash the water elemental! x2; The centaur warrior hits you.
* * * LOW HITPOINT WARNING * * *
The sky beast barely misses the shadow.
The sky beast barely misses itself.
The centaur warrior hits you but does no damage.
The water elemental hits you. x3; The shadow hits you.
The two-headed ogre hits you with a +0 giant spiked club!!
* * * LOW HITPOINT WARNING * * *
The two-headed ogre hits you with a +0 giant spiked club.
You die...
Yredelemnul claims you as an undead slave.

#. .# #. .# ..
####.# .##.≈..#
.=≈≈≈.# ≈
##≈≈≈≈≈#.#
≈≈u.#≈OE≈≈≈≈.#
≈≈E≈≈≈E♣≈≈≈≈≈#
≈≈≈≈≈≈WEc≈≈≈≈≈#
≈≈≈≈≈Y≈≈≈≈≈≈≈..
≈≈≈≈.≈≈≈≈≈≈≈.##
≈≈≈≈##≈≈≈≈<#.#
≈≈≈≈ ##≈≈≈## #
≈≈≈ ..≈.. ≈≈
#.....


You could see a red ugly thing (wandering), a centaur warrior, a two-headed
ogre, 4 water elementals, a sky beast (invisible, confused) and a shadow.

Vanquished Creatures
  The ghost of lake5 the Geomancer, a journeyman GrEE of Vehumet (Lair:1)
  2 fire dragons
  2 boulder beetles
  8 hydras
  Harold (Lair:2)
  2 two-headed ogres
  A death yak (Lair:3)
  Urug (D:12)
  A lindwurm (Lair:6)
  A wizard (D:12)
  4 orc knights (D:12)
  2 cyclopes
  An ugly thing (D:12)
  Joseph (D:9)
  7 elephants
  A black mamba (Lair:6)
  2 centaur zombies
  4 molten gargoyles
  Maggie (D:8)
  7 cane toads
  9 komodo dragons
  6 rime drakes
  A harpy zombie (D:14)
  3 polar bears
  3 trolls
  4 blink frogs
  A blink frog (shapeshifter) (Lair:6)
  A snapping turtle (Lair:2)
  10 dream sheep (Lair:4)
  A meliai zombie (D:11)
  2 water elementals (D:14)
  A shadow (D:12)
  A vampire (D:10)
  9 wyverns
  A wraith (D:12)
  3 basilisks
  30 yaks
  4 steam dragons
  4 hell hounds
  13 water moccasins
  5 orc warriors
  3 ice beasts
  4 black bears
  3 phantoms (D:7)
  2 sky beasts (D:11)
  A necrophage (D:10)
  4 ogres
  An eye of draining (D:12)
  5 centaurs
  4 big kobolds
  15 bullfrogs
  5 scorpions
  6 killer bees (Lair:1)
  5 wights (D:9)
  5 howler monkeys
  3 electric eels
  8 lava snakes
  9 hounds
  4 jellies
  4 bullfrog skeletons
  A centaur skeleton (D:8)
  7 orc priests
  Natasha (thrice) (D:3)
  12 orc wizards
  9 hell rats
  8 worker ants
  A worker ant zombie (D:5)
  21 adders
  A shadow imp (D:5)
  3 white imps
  2 ufetubi
  An adder zombie (D:5)
  An adder skeleton (D:7)
  6 worms
  2 dart slugs
  5 leopard geckos
  40 orcs
  5 giant cockroaches
  7 goblins
  4 hobgoblins
  6 jackals
  A quokka (D:5)
  3 ball pythons
  10 bats
  2 frilled lizards
  A jackal zombie (D:7)
  15 kobolds
  A leopard gecko skeleton (D:6)
  9 rats
  A scorpion zombie (D:12)
  A lurking horror (Lair:6)
442 creatures vanquished.

Vanquished Creatures (collateral kills)
  4 hydras
  2 death yaks (Lair:3)
  Sonja (D:10)
  A black mamba (Lair:1)
  2 cane toads
  2 rime drakes
  3 komodo dragons
  A queen bee (Lair:1)
  4 blink frogs
  3 dream sheep (Lair:4)
  3 wyverns
  13 yaks
  8 water moccasins
  An acid dragon (D:11)
  A hell hound (Lair:1)
  An ice beast (D:12)
  2 orc warriors (D:10)
  An eye of draining (D:10)
  A necrophage (D:12)
  A big kobold (D:11)
  3 bullfrogs
  A scorpion (D:12)
  19 killer bees (Lair:1)
  An electric eel (D:14)
  2 lava snakes (Lair:6)
  A centaur zombie (D:12)
  2 orc wizards
  A worker ant (D:11)
  2 hell rats (Lair:6)
  2 adders (Lair:4)
  A worm (D:6)
  4 orcs (D:10)
  A jackal (D:11)
  A quokka (D:12)
  A ball python (Lair:4)
  3 kobolds (D:11)
  A lurking horror (Lair:6)
101 creatures vanquished.

Vanquished Creatures (others)
  A cane toad (Lair:6)
  5 flying skulls (Lair:1)
  A basilisk (Lair:6)
  2 hell hounds (Lair:6)
  A wight (Lair:2)
  2 death yak zombies (Lair:3)
  2 hydra zombies
  2 rime drake zombies
  4 dream sheep zombies (Lair:4)
  A black mamba zombie (Lair:1)
  A centaur zombie (D:10)
  6 water moccasin zombies
  2 blink frog zombies
  3 elephant zombies (Lair:3)
  3 komodo dragon zombies
  A lindwurm zombie (Lair:6)
  A polar bear zombie (Lair:4)
  26 yak zombies
  5 cane toad zombies (Lair:6)
  A cyclops zombie (D:11)
  A scorpion zombie (D:6)
  6 adder zombies
  2 ball python zombies (Lair:4)
  A basilisk zombie (Lair:2)
  A big kobold zombie (D:12)
  6 bullfrog zombies
  2 giant cockroach zombies (D:6)
  5 hell rat zombies
  A jackal zombie (D:10)
  14 killer bee zombies (Lair:1)
  A kobold zombie (D:12)
  7 orc zombies
  A quokka zombie (D:12)
  A sky beast zombie (D:11)
  4 worker ant zombies
  6 wyvern zombies
  2 bushes (Lair:6)
  58 fungi
  91 plants
280 creatures vanquished.

Grand Total: 823 creatures vanquished

Notes
Turn   | Place    | Note
-------+----------+-------------------------------------------
     0 | D:1      | tkbsonic5 the Vampire Gladiator began the quest for the
                  | Orb.
     0 | D:1      | Reached XP level 1. HP: 16/16 MP: 1/1
   242 | D:1      | Reached skill level 1 in Stealth
   242 | D:1      | Reached XP level 2. HP: 22/22 MP: 2/2
   942 | D:2      | Reached XP level 3. HP: 26/27 MP: 3/3
  1040 | D:2      | Reached skill level 2 in Stealth
  1040 | D:2      | Reached XP level 4. HP: 34/34 MP: 4/4
  1994 | D:3      | Reached XP level 5. HP: 40/40 MP: 5/5
  2026 | D:3      | Noticed Natasha
  2035 | D:3      | Killed Natasha
  2097 | D:3      | Noticed Natasha
  2109 | D:3      | Killed Natasha
  2125 | D:3      | Noticed Natasha
  2136 | D:3      | Killed Natasha
  2212 | D:3      | Found a basalt altar of Yredelemnul.
  2240 | D:3      | Became a worshipper of Yredelemnul the Dark
  2703 | D:3      | Reached skill level 3 in Stealth
  2703 | D:3      | Reached XP level 6. HP: 47/47 MP: 6/6
  2940 | D:4      | Reached skill level 5 in Short Blades
  2940 | D:4      | Reached skill level 1 in Armour
  3145 | D:4      | Found a staircase to the Ecumenical Temple.
  3381 | D:4      | Reached skill level 5 in Dodging
  3508 | D:4      | Reached XP level 7. HP: 52/52 MP: 7/7
  3586 | D:5      | Entered Level 5 of the Dungeon
  3685 | D:5      | Found a sacrificial altar of Ru.
  3876 | D:5      | Reached * piety under Yredelemnul
  3877 | D:5      | Reached skill level 1 in Evocations
  4023 | D:5      | Reached skill level 4 in Stealth
  4031 | D:5      | Reached skill level 1 in Invocations
  4514 | D:5      | Reached XP level 8. HP: 60/60 MP: 8/8
  5329 | D:6      | Reached skill level 5 in Stealth
  5740 | D:6      | Found a white marble altar of Elyvilon.
  5740 | D:6      | Found a hazy altar of Hepliaklqana.
  5979 | D:7      | Reached ** piety under Yredelemnul
  5980 | D:7      | Found a broken altar of Ashenzari.
  6108 | D:7      | Reached skill level 5 in Fighting
  6195 | D:7      | Reached XP level 9. HP: 64/68 MP: 9/11
  7048 | D:8      | Noticed Maggie
  7093 | D:8      | Killed Maggie
  7243 | D:8      | Found a blossoming altar of Fedhas.
  7584 | D:8      | Reached skill level 1 in Long Blades
  7645 | D:8      | Reached skill level 6 in Stealth
  7813 | D:8      | Found Wuammux's Distillery.
  7816 | D:8      | Bought a potion of curing for 33 gold pieces
  7816 | D:8      | Bought 2 potions of flight for 66 gold pieces
  7816 | D:8      | Bought a potion of curing for 33 gold pieces
  7816 | D:8      | Bought a potion of flight for 33 gold pieces
  7816 | D:8      | Bought a potion of heal wounds for 55 gold pieces
  7816 | D:8      | Bought a potion of might for 44 gold pieces
  7816 | D:8      | Bought a potion of berserk rage for 55 gold pieces
  8047 | D:9      | Found a staircase to the Lair.
  8049 | D:9      | Noticed an elephant
  8062 | D:9      | Killed an elephant
  8305 | D:9      | Reached XP level 10. HP: 76/76 MP: 13/13
  8333 | D:9      | Noticed Joseph
  8341 | D:9      | Reached *** piety under Yredelemnul
  8341 | D:9      | Killed Joseph
  8342 | D:9      | Reached skill level 7 in Stealth
  8466 | D:9      | Found a stormy altar of Qazlal.
  8579 | D:10     | Entered Level 10 of the Dungeon
  8792 | D:10     | Noticed Sonja
  9004 | D:10     | Killed Sonja
  9321 | D:10     | Found a staircase to the Orcish Mines.
  9481 | Lair:1   | Entered Level 1 of the Lair of Beasts
  9521 | Lair:1   | Noticed a cane toad
  9525 | Lair:1   | Reached skill level 8 in Stealth
  9539 | Lair:1   | Killed a cane toad
 10008 | Lair:1   | Found a runed translucent gate.
 10008 | Lair:1   | Found a runed translucent gate.
 10008 | Lair:1   | Found a runed translucent gate.
 10010 | Lair:1   | Noticed lake5's ghost (journeyman GrEE)
 10010 | Lair:1   | Noticed a 12-headed hydra
 10037 | Lair:1   | Received a gift from Yredelemnul (5 flying skulls)
 10065 | Lair:1   | Reached XP level 11. HP: 79/83 MP: 9/14
 10084 | Lair:1   | Reached skill level 5 in Invocations
 10700 | Lair:1   | Reached skill level 1 in Bows
 10703 | Lair:1   | Noticed a four-headed hydra
 10716 | Lair:1   | Killed a four-headed hydra
 10716 | Lair:1   | Reached **** piety under Yredelemnul
 11059 | Lair:2   | Noticed a seven-headed hydra
 11075 | Lair:2   | Killed a seven-headed hydra
 11076 | Lair:2   | Reached skill level 9 in Stealth
 11076 | Lair:2   | Reached skill level 5 in Evocations
 11315 | Lair:2   | Received a gift from Yredelemnul (a wight)
 11779 | Lair:2   | Found a staircase to the Shoals.
 12143 | Lair:2   | Noticed Harold
 12160 | Lair:2   | Killed Harold
 12294 | Lair:3   | Noticed an eight-headed hydra
 12535 | Lair:3   | Noticed a four-headed hydra
 12679 | Lair:3   | Noticed an oklob plant
 12886 | Lair:3   | Killed a four-headed hydra
 12887 | Lair:3   | Reached skill level 1 in Shields
 12900 | Lair:3   | Reached XP level 12. HP: 61/91 MP: 16/16
 12926 | Lair:3   | Reached skill level 10 in Stealth
 13183 | Lair:3   | Noticed a four-headed hydra
 13487 | Lair:3   | Killed an eight-headed hydra
 13492 | Lair:3   | Killed a four-headed hydra
 13861 | Lair:4   | Noticed a death yak
 13881 | Lair:3   | Killed a death yak
 13967 | Lair:4   | Noticed a death yak
 13967 | Lair:4   | Noticed a death yak
 13981 | Lair:3   | Reached skill level 5 in Throwing
 14004 | Lair:3   | Killed a death yak
 14047 | Lair:3   | Killed a death yak
 14191 | Lair:4   | Noticed a seven-headed hydra
 14209 | Lair:3   | Killed a seven-headed hydra
 14266 | Lair:4   | Noticed a five-headed hydra
 14295 | Lair:3   | Killed a five-headed hydra
 14296 | Lair:3   | Reached skill level 11 in Stealth
 14679 | Lair:4   | Noticed a seven-headed hydra
 14803 | Lair:4   | Found a staircase to the Snake Pit.
 14981 | Lair:4   | Killed a seven-headed hydra
 14982 | Lair:4   | Reached skill level 10 in Dodging
 14989 | Lair:4   | Reached XP level 13. HP: 82/98 MP: 18/18
 16039 | Lair:5   | Found a staircase to the Slime Pits.
 16096 | Lair:5   | Found a viscous altar of Jiyva.
 16118 | Lair:5   | Reached skill level 5 in Long Blades
 17341 | Lair:6   | Entered Level 6 of the Lair of Beasts
 17614 | Lair:6   | Noticed a fire dragon
 17668 | Lair:6   | Reached skill level 10 in Short Blades
 18529 | Lair:6   | Found a corrupted altar of Lugonu.
 18532 | Lair:6   | Found a one-way gate to the infinite horrors of the Abyss.
 19251 | Lair:6   | Found a large runed translucent door.
 19252 | Lair:6   | Found a large runed translucent door.
 19661 | Lair:6   | Killed a fire dragon
 20014 | Lair:1   | Noticed a fire dragon
 20014 | Lair:1   | a 12-headed hydra changed into a fire dragon
 20024 | Lair:1   | Killed a fire dragon
 20029 | Lair:1   | Gained mutation: You are weak. (Str -2) [potion of
                  | mutation]
 20029 | Lair:1   | Gained mutation: Your flesh is cold resistant. (rC+)
                  | [potion of mutation]
 20029 | Lair:1   | Gained mutation: You expend magic power (3 MP) to
                  | strengthen your wands. [potion of mutation]
 20048 | Lair:1   | Killed lake5's ghost
 20256 | D:10     | Found a bloodstained altar of Trog.
 20999 | D:11     | Lost mutation: You are weak. (Str -2) [potion of mutation]
 20999 | D:11     | Lost mutation: Your flesh is cold resistant. (rC+) [potion
                  | of mutation]
 20999 | D:11     | Lost mutation: You expend magic power (3 MP) to strengthen
                  | your wands. [potion of mutation]
 20999 | D:11     | Gained mutation: Armour fits poorly on your strangely
                  | shaped body. [potion of mutation]
 20999 | D:11     | Gained mutation: You are strong-willed. (Will+) [potion of
                  | mutation]
 20999 | D:11     | Gained mutation: Your movements are slightly less
                  | encumbered by armour. (ER -2) [potion of mutation]
 21450 | D:11     | Reached skill level 1 in Axes
 21501 | D:11     | Learned a level 2 spell: Wereblood
 21504 | D:11     | Learned a level 2 spell: Blink
 21508 | D:11     | Learned a level 3 spell: Mephitic Cloud
 21511 | D:11     | Learned a level 2 spell: Call Imp
 21513 | D:11     | Learned a level 1 spell: Beastly Appendage
 21516 | D:11     | Learned a level 2 spell: Slow
 21615 | D:11     | Reached XP level 14. HP: 93/108 MP: 19/19
 21635 | D:11     | Reached skill level 12 in Stealth
 22313 | D:12     | Reached skill level 1 in Hexes
 22849 | D:12     | Noticed Urug
 23009 | D:12     | Reached skill level 1 in Spellcasting
 23066 | D:12     | Killed Urug
 23084 | D:12     | Reached skill level 1 in Air Magic
 23248 | D:12     | Reached skill level 1 in Poison Magic
 23425 | D:12     | You fall into a shaft and drop 2 floors!
 23428 | D:14     | Noticed Roxanne
 23733 | D:14     | Reached skill level 1 in Conjurations
 23782 | D:14     | Reached skill level 1 in Transmutations
 24102 | D:14     | HP: 6/162 [two-headed ogre/+0 giant spiked club (22)]
 24102 | D:14     | Slain by a two-headed ogre

Illustrated notes

Levels and vault maps discovered:
D:1:      minmay_arrival_arboretum_small, layout_loops_ring, serial_forest,
          infiniplex_forest_lined_room_, infiniplex_forest_clump_tiny,
          infiniplex_forest_lined_room_3, infiniplex_forest_lined_2,
          infiniplex_forest_straight_5, infiniplex_forest_clump_large,
          infiniplex_forest_lined_room_2, infiniplex_forest_end_double
D:2:      layout_basic
D:3:      layout_basic, general_overflow_altar, uniq_natasha
D:4:      layout_cave_pods, temple_green
D:5:      layout_gridville, old_standard_altar, minivault_5, kennysheep_path_1,
          serial_bayou_pond_d
D:6:      kennysheep_big_flooded_room, layout_loops_corners,
          gammafunk_temple_overflow_elements, corexii_shack
D:7:      layout_basic, ashenzari_altar_1
D:8:      layout_basic, overflow_temple_1_default, serial_shops,
          kennysheep_mini, amcnicky_mini_pool_small, uniq_maggie
D:9:      layout_basic, overflow_temple_1_default, david_lair_generic,
          uniq_joseph
D:10:     layout_loops_ring, erik_orc_2, lemuel_statue_altar, uniq_sonja
D:11:     layout_small_grid, nrook_loot_triangle, minmay_misc_feat_encased
D:12:     layout_loops_cross, sword_in_stone
D:14:     layout_basic, nicolae_lava_and_water, enter_bailey_5, uniq_roxanne,
          uniq_agnes
Lair:1:   cheibrodos_lair_river_kwai, layout_cave_shapes, special_room
          [special_room_bee], gammafunk_ghost_hydra_chop, enter_volcano_3,
          infiniplex_staircase_pool, serial_bayou_shore_b
Lair:2:   layout_cave_pods, minmay_shoals_entry_hut, uniq_harold
Lair:3:   layout_cellular_growth, grunt_megastairs_1, minmay_lair_oklob_chamber
Lair:4:   layout_regular_city, minmay_snake_entry_six_corridors,
          grunt_megastairs_2, infiniplex_staircase_pool_2
Lair:5:   layout_misc_corridors, slime_altar_1
Lair:6:   cheibrodos_lair_end_hotspot, layout_regular_city, minivault_25,
          amcnicky_altar_lugonu_corruption

Skill      XL: |  1  2  3  4  5  6  7  8  9 10 11 12 13 14 |
---------------+-------------------------------------------+-----
Fighting       | 2 3 4 5 6 7 8 9 |  9.2
Stealth        | 1 2 3 4 5 6 8 9 11 12 | 12.2
Short Blades   | 4 5 6 7 8 9 10 | 10.3
Dodging        | 4 5 6 7 8 9 10 | 10.9
Throwing       | 2 3 4 5 6 |  6.4
Armour         | 1 2 3 4 |  4.8
Evocations     | 1 2 3 4 5 6 7 |  7.1
Invocations    | 1 2 4 5 6 7 |  7.8
Long Blades    | 2 3 4 5 |  5.0
Bows           | 2 3 |  3.7
Shields        | 1 3 4 |  4.9
Axes           | 1 |  1.9
Hexes          | 3 |  3.0
Spellcasting   | 1 |  1.3
Air Magic      | 1 |  1.6
Poison Magic   | 1 |  1.2
Conjurations   | 1 |  1.0
Transmutations | 1 |  1.1
Slings         | |  0.1
Summonings     | |  0.9
Translocations | |  0.6

Action                   |  1- 3 |  4- 6 |  7- 9 | 10-12 | 13-15 || total
-------------------------+-------+-------+-------+-------+-------++-------
Melee: Rapier            |    43 |   168 |   296 |       |       ||   507
       Bite              |     5 |    20 |    45 |    89 |   125 ||   284
       Whip              |     9 |       |       |       |       ||     9
       Long sword        |       |       |    86 |    99 |    11 ||   196
       Short sword       |       |       |       |   451 |   667 ||  1118
       Dagger            |       |       |       |     1 |       ||     1
       Broad axe         |       |       |       |       |    43 ||    43
 Fire: Shortbow          |       |       |       |    26 |       ||    26
Throw: Dart              |    33 |    48 |   137 |    31 |   176 ||   425
       Throwing net      |     3 |       |     1 |    12 |       ||    16
       Javelin           |       |       |       |    16 |    76 ||    92
 Cast: Mephitic Cloud    |       |       |       |       |     8 ||     8
       Wereblood         |       |       |       |       |     4 ||     4
       Call Imp          |       |       |       |       |    15 ||    15
       Slow              |       |       |       |       |     8 ||     8
       Blink             |       |       |       |       |     5 ||     5
Invok: Animate Remains   |       |       |    10 |       |    43 ||    53
       Injury Mirror     |       |       |     1 |    17 |    20 ||    38
       Animate Dead      |       |       |       |    55 |    12 ||    67
       Recall Undead Sla |       |       |       |     2 |       ||     2
 Abil: Exsanguinate      |       |       |       |     1 |       ||     1
       Revivify          |       |       |       |     1 |       ||     1
Evoke: Wand              |       |       |     9 |   102 |    60 ||   171
       Phial of floods   |       |       |       |     3 |     3 ||     6
       Condenser vane    |       |       |       |     3 |     2 ||     5
       Box of beasts     |       |       |       |       |     2 ||     2
  Use: Scroll            |       |     1 |     5 |    31 |    14 ||    51
       Potion            |       |     3 |    18 |     4 |    28 ||    53
 Stab: Sleeping          |       |       |     8 |     2 |     8 ||    18
       Invisible         |       |       |     1 |     2 |     4 ||     7
       Paralysed         |       |       |     3 |    28 |     1 ||    32
       Distracted        |       |       |     1 |     2 |     5 ||     8
       Held in net/web   |       |       |       |     3 |       ||     3
       Confused          |       |       |       |       |     2 ||     2
Armor: Leather armour    |     5 |       |       |       |       ||     5
       Robe              |    14 |     2 |       |       |       ||    16
       Plate armour      |       |    87 |       |       |       ||    87
       Ring mail         |       |    14 |   141 |   207 |   150 ||   512
       Skin              |       |       |    22 |       |    24 ||    46
Dodge: Dodged            |    45 |    44 |   240 |   446 |   375 ||  1150
Block: Kite shield       |       |       |       |    22 |    31 ||    53
       Buckler           |       |       |       |       |   139 ||   139
       Rpst.: Long sword |       |       |    17 |    14 |     2 ||    33
